 Dungeon Crawl Stone Soup version 0.22.0-75-g3901e79 (webtiles) character file.

8944 teukkam the Slicer (level 11, -17/89 HPs)
             Began as a Minotaur Berserker on Sept 7, 2018.
             Was a Priest of Wu Jian.
             Demolished by a two-headed ogre
             ... wielding a +0 giant spiked club
             ... created by the rage of Trog
              (21 damage)
             ... on level 9 of the Dungeon on Sept 13, 2018.
             The game lasted 00:53:19 (7902 turns).

teukkam the Slicer (Minotaur Berserker)             Turns: 7902, Time: 00:53:20

Health: -17/89     AC: 11    Str: 27 (32) XL:     11   Next: 16%
Magic:  4/4        EV: 12    Int:  7 (9)  God:    Wu Jian [***...]
Gold:   318        SH:  0    Dex:  5 (7)  Spells: 10/10 levels left

rFire    + . .     SeeInvis .   a - +0 dagger "Qilib" {antimagic, *Rage +Rage rF+ Str+6}
rCold    . . .     Gourm    .   (no shield)
rNeg     . . .     Faith    +   j - +3 leather armour {rPois}
rPois    +         Spirit   .   (helmet restricted)
rElec    .         Reflect  .   P - +0 cloak
rCorr    .         Harm     .   (no gloves)
MR       .....     Rnd*Rage +   L - +0 pair of boots
Stlth    +.........             k - amulet of faith
HPRegen  0.64/turn              (no ring)
MPRegen  0.09/turn              I - +5 ring of intelligence

@: berserk cooldown, slowed, very slow
A: retaliatory headbutt, horns 2, slimy green scales 1, clumsy 1, poison
resistance, regeneration 1
a: Wall Jump, Serpent's Lash, Renounce Religion, Evoke Berserk Rage


You were on level 9 of the Dungeon.
You worshipped Wu Jian.
Wu Jian was most pleased with you.
You were not hungry.

You visited 1 branch of the dungeon, and saw 11 of its levels.
You also visited: Sewer.

You collected 588 gold pieces.
You spent 270 gold pieces at shops.

Inventory:

Hand Weapons
 a - the +0 dagger "Qilib" (weapon) {antimagic, *Rage +Rage rF+ Str+6}
   (You found it on level 4 of the Dungeon)

   It reduces the magical energy of the wielder, and disrupts the spells and
   magical abilities of those hit.
   Natural abilities and divine invocations are not affected.
   It affects your strength (+6).
   It protects you from fire.
   It lets you go berserk.
   It may make you go berserk in combat.
 b - the +6 longbow "Cywkamm" {flame, +Fly rC+ Dex-3 SInv}
   (You bought it in a shop on level 7 of the Dungeon)

   It causes projectiles fired from it to burn those they strike, causing extra
   injury to most foes and up to half again as much damage against particularly
   susceptible opponents.
   It affects your dexterity (-3).
   It protects you from cold.
   It lets you see invisible.
   It lets you fly.
 c - a +3 whip of flaming
 f - a +0 hand axe
 p - a +1 dagger of chaos
 x - a +2 short sword of venom
Missiles
 i - 99 sling bullets
 q - 105 bolts
 y - 3 tomahawks (quivered)
 A - 31 poisoned needles
 B - 121 arrows
Armour
 j - a +3 leather armour of poison resistance (worn)
 D - a +1 shield
 L - a +0 pair of boots (worn)
 P - a +0 cloak (worn)
Magical Staves
 t - an uncursed staff of wizardry
 w - an uncursed staff of summoning
Jewellery
 k - an amulet of faith (around neck)
 s - an uncursed ring of ice
 I - a +5 ring of intelligence (right hand)
 J - an uncursed ring of wizardry {unknown}
Wands
 e - a wand of digging (8)
 C - a wand of polymorph (10)
 G - a wand of paralysis (7)
 K - a wand of iceblast (13)
Scrolls
 g - a scroll of teleportation
 h - 13 scrolls of identify
 l - a scroll of fog
 m - 2 scrolls of magic mapping
 n - a scroll of amnesia
 u - 2 scrolls of enchant weapon
 E - 9 scrolls of remove curse
 F - a scroll of enchant armour
 O - a scroll of random uselessness
Potions
 o - 2 potions of flight
 r - a potion of magic
 v - a potion of might
 z - 2 potions of brilliance
Comestibles
 d - 9 rations


   Skills:
 - Level 5.9 Fighting
 + Level 9.6 Short Blades
 - Level 5.4 Axes
 + Level 4.5 Bows
 + Level 8.6 Throwing
 - Level 5.2 Armour
 - Level 4.8 Dodging
 + Level 7.7 Shields
 + Level 4.9 Evocations


You had 10 spell levels left.
You didn't know any spells.
Your spell library contained the following spells:

 Spells                   Type           Power        Failure   Level  Hunger
 Animate Skeleton         Necr           N/A          45%         1    ##.....
 Pain                     Necr           #...         45%         1    ##.....
 Regeneration             Chrm/Necr      #.........   83%         3    ####...
 Vampiric Draining        Necr           #.........   83%         3    ####...
 Animate Dead             Necr           N/A          99%         4    #####..


Dungeon Overview and Level Annotations

Branches:
Dungeon (11/15)            Temple (0/1) D:4
   Lair: D:8-11         Orc: D:9-12

Altars:
Ashenzari
Cheibriados
Gozag
Hepliaklqana
Okawaru
Sif Muna
Wu Jian
Xom
Yredelemnul

Shops:
D:6 }   D:7 ([?[   D:11 *


Innate Abilities, Weirdness & Mutations

You reflexively headbutt those who attack you in melee.
You have a pair of horns on your head.
You are partially covered in slimy green scales. (AC +2)
You are clumsy. (Dex -2)
Your system is resistant to poisons. (rPois)
Your natural rate of healing is unusually fast.


Message History

The black bear barely misses you. x2; The black bear misses you.
The black bear bites you but does no damage.
The black bear misses you.
The black bear claws you but does no damage.
The two-headed ogre hits you with a giant spiked club!!
* * * LOW HITPOINT WARNING * * *
The two-headed ogre hits you with a dire flail.
* * * LOW HITPOINT WARNING * * *
Okay, then.
You feel better. The two-headed ogre misses you.
The two-headed ogre closely misses you.
The two-headed ogre hits you with a giant spiked club!
* * * LOW HITPOINT WARNING * * *
The two-headed ogre hits you with a dire flail.
* * * LOW HITPOINT WARNING * * *
Okay, then.
As you read the scroll labeled ZESIBB RALOHAT, it crumbles to dust.
The dust glows shimmering indigo!
It was a scroll of random uselessness.
The two-headed ogre hits you with a giant spiked club!!
You die...

.......###+#.......
#..... ..#.#.......
#.###$#..#.. #.#.#.....#
#.. ..#..#..##.#.#.....#
##.##..............#
#......# ##...#.#..#
#....$.# #.....#..# #
#......+
#.#.###))###....
.......# #.hO@<.....#
...# ##.##..##..# ...#
#.##..# .# ...# +
......... .# ...#
#.#..##..##. ## ..)#
#.#..##..# .# ...#
..<.....# .### ..h#####
#.#.#..##....
.hhO...####.#...........


You could see a two-headed ogre and a black bear.

Vanquished Creatures
  Harold (D:8)
  A two-headed ogre (D:10)
  The ghost of sefi the Skirmisher, a novice DsGl of Kikubaaqudgha (D:7)
  Pikel (D:6)
  Joseph (D:7)
  Maurice (D:8)
  Psyche (D:8)
  A gargoyle (D:10)
  2 polar bears (D:3)
  A hornet (D:10)
  Prince Ribbit (D:6)
  5 yaks (D:9)
  Eustachio (D:4)
  A wyvern (D:6)
  Menkaure (D:6)
  Duvessa (D:5)
  A porcupine (D:11)
  Purgy (Sewer)
  3 orc warriors
  2 sky beasts
  4 black bears
  4 ogres
  A centaur (D:10)
  2 phantoms (D:8)
  A crocodile (D:10)
  2 big kobolds
  Blork the orc (D:6)
  2 bullfrogs
  Dowan (D:5)
  3 scorpions
  3 killer bees (D:9)
  4 wights (D:11)
  A howler monkey (D:5)
  3 crimson imps
  2 centaur zombies
  A bullfrog zombie (D:10)
  A centaur skeleton (D:6)
  6 hounds
  3 bullfrog skeletons
  7 orc priests
  2 iguanas (D:8)
  9 orc wizards
  14 worker ants
  A killer bee zombie (D:10)
  A hound zombie (D:6)
  2 hound skeletons
  3 worker ant zombies
  4 gnolls (D:6)
  13 adders
  A shadow imp (D:4)
  2 oozes
  An adder zombie (D:5)
  5 worms
  4 leopard geckos
  28 orcs
  6 bats
  10 giant cockroaches
  11 goblins
  3 hobgoblins (D:2)
  11 jackals
  13 kobolds
  4 quokkas
  9 ball pythons
  9 frilled lizards
  A jackal skeleton (D:5)
  2 quokka skeletons
  5 rats
254 creatures vanquished.

Vanquished Creatures (others)
  3 slaves (D:6)
  A scorpion (D:4)
  A bullfrog skeleton (D:6)
  A worker ant (D:4)
  2 orcs (D:4)
  33 fungi (D:11)
  4 plants (D:11)
45 creatures vanquished.

Grand Total: 299 creatures vanquished

Notes
Turn   | Place    | Note
-------+----------+-------------------------------------------
     0 | D:1      | teukkam the Minotaur Berserker began the quest for the Orb.
     0 | D:1      | Reached XP level 1. HP: 19/19 MP: 0/0
    90 | D:2      | Reached XP level 2. HP: 26/27 MP: 1/1
   232 | D:2      | Found a faded altar of an unknown god.
   348 | D:2      | Reached ** piety under Trog
   586 | D:2      | Reached XP level 3. HP: 32/33 MP: 2/2
   733 | D:3      | Found a glowing drain.
   759 | Sewer    | Entered a sewer
   779 | Sewer    | Noticed Purgy
   787 | Sewer    | Killed Purgy
   787 | Sewer    | Reached XP level 4. HP: 27/41 MP: 3/3
   807 | Sewer    | Reached XP level 5. HP: 34/47 MP: 4/4
  1269 | D:4      | Found a shimmering altar of Xom.
  1270 | D:4      | Noticed Eustachio
  1316 | D:4      | Reached skill level 5 in Axes
  1321 | D:4      | Gained mutation: You tend to lose your temper in combat.
                  | [potion of mutation]
  1321 | D:4      | Gained mutation: Your natural rate of healing is unusually
                  | fast. [potion of mutation]
  1321 | D:4      | Gained mutation: You have large cloven feet. [potion of
                  | mutation]
  1321 | D:4      | Gained mutation: You have a pair of large horns on your
                  | head. [potion of mutation]
  1325 | D:4      | Killed Eustachio
  1325 | D:4      | Reached skill level 5 in Fighting
  1325 | D:4      | Reached XP level 6. HP: 11/56 MP: 5/5
  1443 | D:3      | Found a deep blue altar of Sif Muna.
  1477 | D:3      | Reached *** piety under Trog
  1898 | D:5      | Entered Level 5 of the Dungeon
  1930 | D:4      | Upgraded the game from 0.22.0-49-gab54619 to
                  | 0.22.0-75-g3901e79
  2063 | D:4      | Reached skill level 1 in Short Blades
  2064 | D:4      | Found a staircase to the Ecumenical Temple.
  2065 | D:4      | Reached skill level 5 in Armour
  2065 | D:4      | Reached XP level 7. HP: 36/62 MP: 6/6
  2166 | D:4      | Got a shimmering dagger
  2168 | D:4      | Identified the cursed +0 dagger "Qilib" {antimagic, *Rage
                  | +Rage rF+ Str+6} (You found it on level 4 of the Dungeon)
  2380 | D:4      | Found an iron altar of Okawaru.
  2629 | D:4      | Reached skill level 2 in Short Blades
  2785 | D:5      | Reached skill level 1 in Throwing
  2851 | D:5      | Found an opulent altar of Gozag.
  2852 | D:5      | Noticed Duvessa
  2852 | D:5      | Noticed Dowan
  2863 | D:5      | Killed Duvessa
  2863 | D:5      | Reached skill level 3 in Short Blades
  2864 | D:5      | Killed Dowan
  2864 | D:5      | Reached **** piety under Trog
  2914 | D:5      | Reached skill level 4 in Short Blades
  2914 | D:5      | Reached XP level 8. HP: 66/70 MP: 2/7
  3030 | D:5      | Found a hazy altar of Hepliaklqana.
  3088 | D:5      | Found a basalt altar of Yredelemnul.
  3282 | D:6      | Noticed Pikel
  3284 | D:6      | Noticed Menkaure
  3288 | D:6      | Killed Pikel
  3288 | D:6      | Reached skill level 6 in Short Blades
  3288 | D:6      | Reached skill level 5 in Throwing
  3294 | D:6      | Killed Menkaure
  3351 | D:7      | Found Resumpim's Antique Armour Shop.
  3453 | D:7      | Reached skill level 1 in Shields
  3470 | D:7      | Found Noreock's Antique Weapon Emporium.
  3556 | D:7      | Noticed Joseph
  3564 | D:7      | Reached XP level 9. HP: 75/75 MP: 2/8
  3573 | D:7      | Killed Joseph
  3573 | D:7      | Reached skill level 7 in Short Blades
  3626 | D:7      | Found Nuwaqiv's Magic Scroll Shoppe.
  3640 | D:7      | Bought a scroll of remove curse for 33 gold pieces
  3684 | D:7      | Found a runed door.
  3783 | D:7      | Noticed sefi's ghost (novice DsGl)
  3834 | D:7      | Found Unaor's Antique Armour Emporium.
  3855 | D:7      | Found a shattered altar of Ashenzari.
  3996 | D:7      | Found an ornate altar of the Wu Jian Council.
  4012 | D:7      | Fell from the grace of Trog
  4012 | D:7      | Became a worshipper of the Wu Jian Council
  4203 | D:8      | Noticed Maurice
  4265 | D:8      | Noticed Harold
  4287 | D:8      | Killed Harold
  4287 | D:8      | Reached skill level 8 in Short Blades
  4301 | D:8      | Killed Maurice
  4301 | D:8      | Reached skill level 5 in Shields
  4497 | D:8      | Noticed Psyche
  4513 | D:8      | Killed Psyche
  4513 | D:8      | Reached XP level 10. HP: 83/83 MP: 3/11
  4700 | D:7      | Bought a transparent longbow for 237 gold pieces
  4706 | D:7      | Identified the +6 longbow "Cywkamm" {flame, +Fly rC+ Dex-3
                  | SInv} (You bought it in a shop on level 7 of the Dungeon)
  4862 | D:8      | Lost mutation: You have a pair of large horns on your head.
                  | [potion of mutation]
  4862 | D:8      | Gained mutation: You are partially covered in slimy green
                  | scales. (AC +2) [potion of mutation]
  4862 | D:8      | Gained mutation: You expend magic power (3 MP) to
                  | strengthen your wands. [potion of mutation]
  4863 | D:8      | Lost mutation: You tend to lose your temper in combat.
                  | [potion of mutation]
  4863 | D:8      | Lost mutation: You have large cloven feet. [potion of
                  | mutation]
  4863 | D:8      | Lost mutation: You expend magic power (3 MP) to strengthen
                  | your wands. [potion of mutation]
  4863 | D:8      | Gained mutation: You are clumsy. (Dex -2) [potion of
                  | mutation]
  4863 | D:8      | Gained mutation: Your system is resistant to poisons.
                  | (rPois) [potion of mutation]
  4984 | D:9      | Reached skill level 1 in Bows
  4990 | D:9      | Reached * piety under Wu Jian
  5110 | D:9      | Noticed a two-headed ogre
  5122 | D:9      | Noticed a two-headed ogre
  5131 | D:10     | Entered Level 10 of the Dungeon
  5182 | D:10     | Noticed a two-headed ogre
  5198 | D:10     | Killed a two-headed ogre
  5198 | D:10     | Reached skill level 9 in Short Blades
  5523 | D:10     | Noticed a gargoyle
  5530 | D:10     | Killed a gargoyle
  5573 | D:11     | Found Puopazaxt's General Store.
  5582 | D:11     | Reached ** piety under Wu Jian
  6404 | D:6      | Noticed Prince Ribbit
  6418 | D:6      | Killed Prince Ribbit
  6418 | D:6      | Reached XP level 11. HP: 86/86 MP: 4/13
  6657 | D:1      | Reached *** piety under Wu Jian
  7210 | D:6      | Noticed Blork the orc
  7220 | D:6      | Killed Blork the orc
  7455 | D:6      | Found Lobu's Gadget Boutique.
  7523 | D:6      | Found a snail-covered altar of Cheibriados.
  7798 | D:7      | Killed sefi's ghost
  7901 | D:9      | HP: 3/89 [two-headed ogre/giant spiked club[the rage of
                  | Trog] (4)]
  7902 | D:9      | Demolished by a two-headed ogre

Skill      XL: |  1  2  3  4  5  6  7  8  9 10 |
---------------+-------------------------------+-----
Fighting       | 4 5 |  5.9
Axes           | 4 5 |  5.4
Armour         | 3 4 5 |  5.2
Dodging        | 3 4 |  4.8
Short Blades   | 1 4 6 8 9 |  9.6
Throwing       | 3 5 7 8 |  8.6
Shields        | 1 5 7 |  7.7
Evocations     | 3 4 |  4.9
Bows           | 4 |  4.5

Action                   |  1- 3 |  4- 6 |  7- 9 | 10-12 || total
-------------------------+-------+-------+-------+-------++-------
Melee: Short sword       |    53 |   102 |     3 |     4 ||   162
       Headbutt          |     7 |    15 |    37 |    73 ||   132
       Kick              |       |    13 |   103 |     2 ||   118
       Dagger            |       |       |   219 |   345 ||   564
       Unarmed           |       |       |    30 |       ||    30
 Fire: Longbow           |       |       |       |    48 ||    48
Throw: Tomahawk          |       |       |       |    10 ||    10
Invok: Berserk           |       |     1 |     2 |       ||     3
       Lunge             |       |       |     3 |    22 ||    25
       Whirlwind         |       |       |       |    62 ||    62
       Wall Jump         |       |       |       |     3 ||     3
 Abil: Evoke Berserk Rag |       |       |       |     5 ||     5
Evoke: Wand              |       |       |     2 |    12 ||    14
  Use: Potion            |     2 |     6 |     2 |     5 ||    15
       Scroll            |     1 |       |     8 |     8 ||    17
 Stab: Confused          |       |       |     1 |       ||     1
  Eat: Chunk             |       |     5 |    10 |     7 ||    22
       Ration            |       |       |       |     3 ||     3
Armor: Animal skin       |     3 |       |       |       ||     3
       Chain mail        |    19 |   130 |       |       ||   149
       Leather armour    |       |     2 |    43 |    97 ||   142
       Skin              |       |       |     1 |       ||     1
Dodge: Dodged            |    32 |   115 |   102 |   170 ||   419
Block: Shield            |       |       |    42 |     1 ||    43
